 Dungeon Crawl Stone Soup version 0.27-a0-406-g23f261fbd2 (webtiles) character file.

Game seed: 17511514429076626401

595 HungryMoth the Changer (level 7, -10/48 HPs)
             Began as a Formicid Transmuter on Feb 22, 2021.
             Killed by divine providence
             ... invoked by an orc priest
              (12 damage)
             ... on level 5 of the Dungeon.
             The game lasted 00:15:03 (5209 turns).

HungryMoth the Changer (Formicid Transmuter)        Turns: 5209, Time: 00:15:03

Health: -10/48     AC:  2    Str: 15    XL:     7   Next: 67%
Magic:  13/13      EV: 16    Int: 12    God:
Gold:   231        SH:  5    Dex: 13    Spells: 6/14 levels left

rFire    . . .     SeeInvis +   d - +0 short sword (distort)
rCold    . . .     Faith    .   (no shield)
rNeg     + . .     Spirit   .   a - +0 robe
rPois    .         Reflect  +   (helmet unavailable)
rElec    .         Harm     .   (no cloak)
rCorr    .         Rampage  .   (no gloves)
Will     .....                  (boots currently unavailable)
Stlth    +.........             h - amulet of reflection
HPRegen  0.16/turn              m - ring of positive energy
MPRegen  0.13/turn              k - +4 ring of evasion

@: appendages, attractive, flying
A: permanent stasis, dig shafts and tunnels, four strong arms, antennae 3,
talons 2
a: Dig, Shaft Self, End Transformation


You were on level 5 of the Dungeon.
You had grown temporary talons.
You visited 1 branch of the dungeon, and saw 5 of its levels.

You collected 231 gold pieces.

Inventory:

Hand Weapons
 b - a +0 dagger
 d - a +0 short sword of distortion (weapon)
Armour
 a - a +0 robe (worn)
Jewellery
 h - an amulet of reflection (around neck)
 i - a ring of see invisible
 k - a +4 ring of evasion (right hand)
 l - an amulet of magic regeneration
 m - a ring of positive energy (left hand)
 n - a ring of positive energy
 p - a ring of fire {unknown}
 r - a +6 ring of strength {unknown}
Scrolls
 f - 2 scrolls of identify
 o - 3 scrolls of fear


   Skills:
 + Level 1.1 Fighting
 + Level 1.7 Dodging
 * Level 3.0 Unarmed Combat
 + Level 4.0 Spellcasting
 * Level 7.9 Transmutations


You had 6 spell levels left.
You knew the following spells:

 Your Spells              Type           Power        Failure   Level
a - Beastly Appendage     Tmut           42%          1%          1
b - Wereblood             Tmut           21%          1%          2
c - Blade Hands           Tmut           10%          24%         5

Your spell library contained the following spells:

 Spells                   Type           Power        Failure   Level
 Spider Form              Tmut/Pois      5%           13%         3
 Ice Form                 Ice/Tmut       11%          41%         4


Dungeon Overview and Level Annotations

Branches:
Dungeon (5/15)
 Temple: D:4-7

Altars:
Fedhas
Zin

Annotations:
D:4 1 runed translucent door


Innate Abilities, Weirdness & Mutations

You cannot be hasted, slowed, berserked, paralysed or teleported.
You can dig through walls and to a lower floor.
Your four strong arms can wield two-handed weapons with a shield.
You have a pair of large antennae on your head. (SInv)
You have razor-sharp toenails.


Message History

The orc priest casts a cantrip, but nothing happens.
It was a potion of flight.
You feel very buoyant.
You fly up into the air.
A leopard gecko comes into view.
The bullfrog skeleton closely misses you.
The orc wizard barely misses you. The bullfrog skeleton hits you.
It was a potion of curing.
You feel better.
The leopard gecko hisses angrily.
The orc wizard gestures at you while chanting.
You are confused.
The bullfrog skeleton hits you but does no damage.
It was a potion of attraction.
You feel attractive to monsters.
The bullfrog skeleton barely misses you.
The orc wizard gestures at you while chanting.
You easily resist.
The orc priest closely misses you.
You miss the orc wizard.
The orc wizard is moderately wounded.
The bullfrog skeleton barely misses you.
The orc wizard hits you but does no damage.
The orc priest hits you. The orc closely misses you.
The adder zombie is pulled toward you!
The orc wizard hits you with a +0 dagger.
The orc priest misses you. The adder zombie is pulled toward you!
The leopard gecko completely misses you.
The orc priest invokes the aid of Beogh against you.
Beogh smites you!
* * * LOW HITPOINT WARNING * * *
You hit the orc priest. You claw the orc priest.
The orc priest is moderately wounded.
The orc priest blinks!
You feel less confused. You block the leopard gecko's attack.
You block the orc wizard's attack. The adder zombie bites you.
* * * LOW HITPOINT WARNING * * *
The leopard gecko closely misses you.
The orc priest invokes the aid of Beogh against you.
Beogh smites you!
You die...

.....##
.......########
..............####
........[........#
.................#
........o....#...##
##........ZZ#<#...#
#......olo.)#....##
#.######.@.........#
.........#..........#
## #####............#
..........###.....#
..#######.# .....#
#..# .....# ##.# ####
.. #.#


You could see an orc priest, an orc wizard, an orc, an adder zombie, a leopard
gecko and a bullfrog skeleton.

Vanquished Creatures
  A centaur (D:5)
  2 howler monkeys
  A hound (D:4)
  A centaur skeleton (D:4)
  An iguana (D:4)
  A worker ant (D:4)
  2 orc wizards (D:4)
  A hound zombie (D:5)
  A gnoll (D:1)
  A worker ant zombie (D:5)
  7 adders
  2 shadow imps (D:5)
  A white imp (D:3)
  2 worms (D:4)
  2 dart slugs (D:1)
  2 leopard geckos (D:3)
  6 orcs
  8 bats
  4 giant cockroaches
  11 goblins
  9 hobgoblins
  3 jackals (D:1)
  3 quokkas
  3 ball pythons
  2 frilled lizards
  8 kobolds
  6 rats
91 creatures vanquished.

Vanquished Creatures (others)
  An orc (D:4)
1 creature vanquished.

Grand Total: 92 creatures vanquished

Notes
Turn   | Place    | Note
-------+----------+-------------------------------------------
     0 | D:1      | HungryMoth the Formicid Transmuter began the quest for the
                  | Orb.
     0 | D:1      | Reached XP level 1. HP: 15/15 MP: 3/3
   361 | D:1      | Reached XP level 2. HP: 16/21 MP: 3/5
   504 | D:1      | Reached skill level 3 in Transmutations
   662 | D:1      | Reached XP level 3. HP: 26/26 MP: 6/6
   665 | D:1      | Learned a level 2 spell: Wereblood
   934 | D:1      | Reached XP level 4. HP: 21/32 MP: 2/8
  1545 | D:2      | Found a blossoming altar of Fedhas.
  1632 | D:2      | Reached skill level 4 in Transmutations
  2343 | D:3      | Reached XP level 5. HP: 16/37 MP: 7/9
  3356 | D:4      | Reached skill level 5 in Transmutations
  3521 | D:4      | Reached XP level 6. HP: 43/43 MP: 11/11
  3676 | D:4      | Reached skill level 6 in Transmutations
  4087 | D:4      | Reached XP level 7. HP: 36/48 MP: 13/13
  4093 | D:4      | Learned a level 5 spell: Blade Hands
  4386 | D:4      | Found a runed translucent door.
  4386 | D:4      | Found a glowing silver altar of Zin.
  4386 | D:4      | Noticed an angel
  4817 | D:5      | Entered Level 5 of the Dungeon
  4825 | D:5      | Reached skill level 7 in Transmutations
  5207 | D:5      | HP: 2/48 [adder zombie (3)]
  5209 | D:5      | Killed from afar by an orc priest

Illustrated notes

Levels and vault maps discovered:
D:1:      dpeg_arrival_connections, layout_basic, serial_rivers,
          chequers_serial_rivers_micro_b, chequers_serial_rivers_marsh,
          chequers_serial_rivers_small_3, chequers_serial_rivers_small_3,
          chequers_serial_rivers_room_b
D:2:      layout_loops_ring, fedhas_altar_2
D:3:      layout_loops_ring, mrwooster_statue_mirror, chequers_garden
D:4:      layout_layer_cave, lemuel_angel_altar
D:5:      layout_rooms, minmay_temple_entry_glassed_door, st_stairs_14

Skill      XL: |  1  2  3  4  5  6  7 |
---------------+----------------------+-----
Transmutations | 3 4 5 6 7 |  7.9
Spellcasting   | 3 4 |  4.0
Fighting       | |  1.1
Dodging        | |  1.7
Unarmed Combat | |  3.0

Action                   |  1- 3 |  4- 6 |  7- 9 || total
-------------------------+-------+-------+-------++-------
Melee: Dagger            |    34 |       |       ||    34
       Unarmed           |     7 |       |     2 ||     9
       Kick              |     6 |    15 |     8 ||    29
       Short sword       |    34 |   138 |    41 ||   213
       Punch             |     2 |       |       ||     2
 Cast: Beastly Appendage |    10 |    14 |     7 ||    31
       Wereblood         |     2 |     3 |     1 ||     6
       Blade Hands       |       |       |     1 ||     1
  Use: Scroll            |       |     5 |       ||     5
       Potion            |       |     1 |     5 ||     6
Armor: Robe              |     8 |    11 |     6 ||    25
Dodge: Dodged            |    42 |    93 |    38 ||   173
Block: Other             |       |    21 |     9 ||    30
       Reflection        |       |     1 |       ||     1

Table legend: (Time is in decaauts)
 A = Elapsed time spent in this place.
 B = Non-inter-level travel time spent in this place.
 C = Inter-level travel time spent in this place.
 D = Time resting spent in this place.
 E = Time spent auto-exploring this place.
 F = Levels seen in this place.
 G = Mean time per level.
                   A        B        C        D        E       F      G
               +--------+--------+--------+--------+--------+-----+--------+
         Total |   5254 |   5090 |    164 |    442 |   3896 |   5 | 1050.8 |
       Dungeon |   5254 |   5090 |    164 |    442 |   3896 |   5 | 1050.8 |
               +--------+--------+--------+--------+--------+-----+--------+

Top non-repeatable levels by time:
     D:4: 1702 daAuts
     D:1: 1434 daAuts
     D:3: 1236 daAuts
     D:2: 746 daAuts
     D:5: 133 daAuts
